 Dungeon Crawl Stone Soup version 0.31-a0-152-g6aa68a64a1 (webtiles) character file.

Game seed: 3282589154339146981

196 qw the Shooter (level 5, 0/45 HPs)
             Began as a Minotaur Hunter on June 10, 2023.
             Slain by a gnoll
             ... wielding a +0 club
              (2 damage)
             ... on level 4 of the Dungeon.
             The game lasted 00:00:54 (2337 turns).

qw the Shooter (Minotaur Hunter)                    Turns: 2337, Time: 00:00:54

Health: 0/45       AC:  5    Str: 15    XL:     5   Next: 45%
Magic:  4/4        EV: 11    Int:  6    God:
Gold:   164        SH:  0    Dex: 16    Spells: 4/4 levels left

rFire   . . .        Y - +0 shortbow
rCold   . . .        (shield currently unavailable)
rNeg    . . .        a - +0 ring mail
rPois   .            (helmet restricted)
rElec   .            (no cloak)
rCorr   .            (no gloves)
SInv    .            (no boots)
Will    .....        (no amulet)
Stlth   +            (no ring)
HPRegen 0.27/turn    (no ring)
MPRegen 0.09/turn

%: no passive effects
@: no status effects
A: horns 2, retaliatory headbutt
a: no special abilities


You were on level 4 of the Dungeon.
You visited 1 branch of the dungeon, and saw 4 of its levels.

You collected 164 gold pieces.


Innate Abilities, Weirdness & Mutations

You have a pair of horns on your head.
You reflexively headbutt those who attack you in melee.


   Skills:
 + Level 3.4 Fighting
 - Level 6.0 Ranged Weapons
 - Level 3.8 Armour
 - Level 2.1 Dodging
 - Level 0.7 Stealth


You had 4 spell levels left.
You didn't know any spells.
Your spell library was empty.

Inventory:

Hand Weapons
 Y - a +0 shortbow (weapon)
Armour
 a - a +0 ring mail (worn)
Scrolls
 e - 3 scrolls of identify
Potions
 b - 3 potions of curing

Dungeon Overview and Level Annotations

Branches:
Dungeon (4/15)
 Temple: D:4-7

Altars:
Dithmenos
Elyvilon
Fedhas


Message History

The gnoll hits you from afar with a +0 spear.
You shoot an arrow. The ball python hisses angrily.
The arrow hits the gnoll but does no damage.
The gnoll hits you but does no damage.
The gnoll hits you from afar with a +0 spear.
The gnoll closely misses you. You furiously retaliate!
You headbutt the gnoll! You shoot an arrow.
The arrow hits the gnoll but does no damage.
The gnoll is severely wounded.
The gnoll barely misses you. You furiously retaliate!
You headbutt the gnoll. The gnoll closely misses you. You furiously retaliate!
You headbutt the gnoll!
You kill the gnoll!
The gnoll hits you from afar with a +0 spear.
The gnoll barely misses you. x2
You shoot an arrow.
The arrow hits the gnoll but does no damage.
The gnoll is heavily wounded.
The gnoll hits you with a +0 club. The gnoll closely misses you.
You shoot an arrow.
The arrow hits the gnoll but does no damage.
The gnoll is heavily wounded.
The gnoll barely misses you. The gnoll hits you with a +0 club.
The ball python completely misses you. You furiously retaliate!
You headbutt the ball python!
You kill the ball python!
You shoot an arrow. The arrow hits the gnoll.
The gnoll is severely wounded.
The gnoll barely misses you. The gnoll hits you with a +0 club.
You shoot an arrow. The arrow barely misses the gnoll.
The gnoll hits you from afar with a +0 spear.
The gnoll hits you with a +0 club.
You shoot an arrow. The arrow hits the gnoll.
The gnoll is almost dead.
The gnoll barely misses you. The gnoll hits you with a +0 club.
The gnoll hits you from afar with a +0 spear!
The gnoll closely misses you.
You shoot an arrow. The arrow completely misses the gnoll.
The gnoll hits you but does no damage. The gnoll hits you with a +0 club.
You die...

.## ... ... ..# ...
###... #.# #.# .......
#.# #.##......#
##.#######.....%...#
#.............##..)#
#<.................#
#..............#...#
#%..........@.g.....
#..........)g......#
#.....%.............
#..................$...
#.............##.......
#.....~¤¤¤....# .......
#......~~¤¤...# .......
##...~#~#¤~...# .......
#...¤¤¤~~#....


You could see 2 gnolls.

Vanquished Creatures
  An ice beast (D:3)
  3 gnolls
  An adder (D:3)
  An orc (D:3)
  2 bats (D:1)
  4 endoplasms
  4 giant cockroaches
  6 goblins
  13 hobgoblins
  2 jackals (D:1)
  2 quokkas
  8 ball pythons
  A frilled lizard (D:3)
  7 kobolds
  9 rats
64 creatures vanquished.

Notes
Turn   | Place    | Note
-------+----------+-------------------------------------------
     0 | D:1      | qw the Minotaur Hunter began the quest for the Orb.
     0 | D:1      | Reached XP level 1. HP: 18/18 MP: 0/0
     0 | D:1      | 0 ||| qw: Version: 0.2-a-122-gbc61b45
     0 | D:1      | 0 ||| qw: Game counter: 3581
     0 | D:1      | 0 ||| qw: Always use a shield: true
     0 | D:1      | 0 ||| qw: God list: Okawaru
     0 | D:1      | 0 ||| qw: Allow faded altars: false
     0 | D:1      | 0 ||| qw: Do Orc after D:15 true
     0 | D:1      | 0 ||| qw: Do second Lair branch before Depths: true
     0 | D:1      | 0 ||| qw: Lair rune preference: random
     0 | D:1      | 0 ||| qw: Plans: Normal
     0 | D:1      | 0 ||| PLANNING D:1-11
   141 | D:1      | Reached XP level 2. HP: 24/25 MP: 1/1
   142 | D:1      | Reached skill level 5 in Ranged Weapons
   281 | D:1      | Reached skill level 3 in Fighting
   373 | D:1      | 373 ||| READING scroll labelled ODYBICK VIUCW.
   375 | D:1      | 375 ||| READING 4 scrolls labelled JERACA ESUA.
   382 | D:1      | 382 ||| FLEEEEING.
   383 | D:1      | 383 ||| FLEEEEING.
   384 | D:1      | 384 ||| FLEEEEING.
   385 | D:1      | 385 ||| FLEEEEING.
   386 | D:1      | HP: 5/26 [gnoll/+0 spear (6)]
   388 | D:1      | HP: 1/26 [gnoll/+0 spear (5)]
   390 | D:1      | Reached XP level 3. HP: 2/31 MP: 2/2
  1106 | D:1      | 1106 ||| READING 3 scrolls of identify.
  1106 | D:1      | 1106 ||| IDENTIFYING red potion
  1107 | D:1      | 1107 ||| DROPPING scroll of butterflies.
  1541 | D:2      | Found a shadowy altar of Dithmenos.
  1613 | D:2      | Found a faded altar of an unknown god.
  1681 | D:2      | 1681 ||| UPGRADING to +0 ring mail.
  1691 | D:2      | 1691 ||| DROPPING +0 leather armour.
  1692 | D:2      | 1692 ||| READING 2 scrolls of identify.
  1692 | D:2      | 1692 ||| IDENTIFYING fizzy green potion
  1748 | D:3      | Found a white marble altar of Elyvilon.
  1789 | D:3      | Noticed an ice beast
  1800 | D:3      | HP: 5/31 [ice beast (12)]
  1801 | D:3      | 1801 ||| DRINKING potion of heal wounds.
  1804 | D:3      | Killed an ice beast
  1805 | D:3      | Reached skill level 3 in Armour
  1805 | D:3      | Reached XP level 4. HP: 7/38 MP: 3/3
  1805 | D:3      | Reached XP level 5. HP: 9/45 MP: 4/4
  1805 | D:3      | HP: 7/45 [endoplasm (2)]
  2202 | D:3      | Identified the +0 tower shield "Biumus" {-Tele rC+++ Int+6
                  | Dex-2}
  2203 | D:3      | Found a blossoming altar of Fedhas.
  2243 | D:3      | Reached skill level 6 in Ranged Weapons
  2254 | D:3      | 2254 ||| DROPPING ring of flight.
  2255 | D:3      | 2255 ||| READING scroll labelled GEUHOY JIRGHYUZ.
  2336 | D:4      | HP: 8/45 [gnoll/+0 club (6)]
  2336 | D:4      | HP: 1/45 [gnoll/+0 spear (7)]
  2337 | D:4      | Slain by a gnoll

Levels and vault maps discovered:
D:1:      kilobyte_arrival_exit_the_forest, layout_basic
D:2:      layout_loops_ring, basic_altar, shapermc_ecumenical_altar_notcrosses
D:3:      layout_rooms, marbit_many_paths, elyvilon_altar_5
D:4:      layout_rooms, nicolae_qazlal_general_emergency

Skill      XL: |  1  2  3  4  5 |
---------------+----------------+-----
Ranged Weapons | 5 6 |  6.0
Fighting       | 3 |  3.4
Armour         | 3 |  3.8
Dodging        | |  2.1
Stealth        | |  0.7

Action                     |  1- 3 |  4- 6 || total
---------------------------+-------+-------++-------
   Fire: Shortbow          |   136 |    54 ||   190
    Use: Scroll            |     4 |     1 ||     5
         Potion            |     1 |       ||     1
 Armour: Leather armour    |     6 |       ||     6
         Ring mail         |     7 |     3 ||    10
  Dodge: Dodged            |    22 |    17 ||    39

Table legend:
 A = Non-vault XP
 B = Vault XP
 C = Vault XP percentage of total XP
 D = Non-vault monster count
 E = Vault monster count
 F = Vault count percentage of total count
                 A         B        C        D         E       F
            +---------+---------+-------+---------+---------+-------
      Total |     267 |      13 |   4.6 |      63 |       1 |   1.6
            +---------+---------+-------+---------+---------+-------
        D:1 |      60 |       0 |   0.0 |      29 |       0 |   0.0
        D:2 |      20 |       0 |   0.0 |      13 |       0 |   0.0
        D:3 |     154 |      13 |   7.8 |      15 |       1 |   6.2
        D:4 |      33 |       0 |   0.0 |       6 |       0 |   0.0
            +---------+---------+-------+---------+---------+-------
